 Dungeon Crawl Stone Soup version 0.30-a0-881-g1ff12e1e11 (webtiles) character file.

Game seed: 12705328698946168767

244 PLAYERX the Covert (level 6, -1/53 HPs)
             Began as a Gnoll Wanderer on Mar 14, 2023.
             Slain by Edmund
             ... wielding a +1 flail of protection
              (5 damage)
             ... on level 4 of the Dungeon.
             The game lasted 00:16:30 (2790 turns).

PLAYERX the Covert (Gnoll Wanderer)                 Turns: 2790, Time: 00:16:31

Health: -1/53      AC: 11    Str: 13    XL:     6   Next: 10%
Magic:  11/11      EV:  6    Int: 13    God:
Gold:   202        SH:  0    Dex: 13    Spells: 11/11 levels left

rFire   . . .      SeeInvis .    a - +0 war axe
rCold   . . .      Faith    .    (no shield)
rNeg    . . .      Spirit   .    e - +0 chain mail
rPois   .          Reflect  .    b - +2 helmet {Int+3}
rElec   .          Rampage  .    (no cloak)
rCorr   +                        (no gloves)
Will    .....                    (no boots)
Stlth   +                        (no amulet)
HPRegen 0.28/turn                c - ring of resist corrosion
MPRegen 0.12/turn                (no ring)

@: no status effects
A: fangs 1, strong nose, distributed training
a: no special abilities


You were on level 4 of the Dungeon.
You visited 1 branch of the dungeon, and saw 4 of its levels.

You collected 202 gold pieces.

Inventory:

Hand Weapons
 a - a +0 war axe (weapon)
Missiles
 f - 5 poisoned darts (quivered)
 k - a throwing net
Armour
 b - a +2 helmet of intelligence (worn)
 e - a +0 chain mail (worn)
Jewellery
 c - a ring of resist corrosion (left hand)
Scrolls
 g - 2 scrolls of noise {unknown}
 h - 2 scrolls of poison
 l - 2 scrolls of vulnerability
 n - 6 scrolls of identify
 o - a scroll of teleportation {unknown}
 p - a scroll of immolation {unknown}
 t - a scroll of amnesia {unknown}
Potions
 d - a potion of mutation {unknown}
 i - 2 potions of resistance {unknown}
 j - 2 potions of brilliance {unknown}
 q - 3 potions of degeneration {unknown}
 s - 2 potions of attraction {unknown}


   Skills:
 + Level 6.8 Fighting
 + Level 1.9 Short Blades
 + Level 1.9 Long Blades
 + Level 1.9 Axes
 + Level 1.9 Maces & Flails
 + Level 1.9 Polearms
 + Level 1.9 Staves
 + Level 1.9 Ranged Weapons
 + Level 1.9 Throwing
 + Level 1.9 Armour
 + Level 1.9 Dodging
 + Level 8.0 Stealth
 + Level 1.9 Shields
 + Level 1.9 Unarmed Combat
 + Level 3.4 Spellcasting
 + Level 1.5 Conjurations
 + Level 1.5 Hexes
 + Level 1.5 Summonings
 + Level 1.5 Necromancy
 + Level 1.5 Translocations
 + Level 1.5 Transmutations
 + Level 1.5 Fire Magic
 + Level 1.5 Ice Magic
 + Level 1.5 Air Magic
 + Level 1.5 Earth Magic
 + Level 2.6 Poison Magic
 + Level 2.1 Invocations
 + Level 3.2 Evocations


You had 11 spell levels left.
You didn't know any spells.
Your spell library contained the following spells:

 Spells                   Type           Power      Damage    Failure   Level
 Apportation              Tloc           12%        N/A       98%         1
 Cigotuvi's Dreadful Rot  Necr/Pois/Air  14%        N/A       99%         2
 Poisonous Vapours        Pois/Air       14%        N/A       99%         2
 Alistair's Intoxication  Tmut/Pois      4%         N/A       100%        5


Dungeon Overview and Level Annotations

Branches:
Dungeon (4/15)
 Temple: D:4-7

Altars:
Uskayaw

Annotations:
D:4 Edmund


Innate Abilities, Weirdness & Mutations

You have very sharp teeth.
Your uncanny sense of smell can sniff out nearby items.
Your experience applies equally to all skills.


Message History

Edmund hits you with a +1 flail of protection.
The howler monkey barely misses you.
You hit Edmund.
Edmund is severely wounded.
You completely miss the howler monkey. Edmund hits you but does no damage.
The howler monkey hits you. Edmund hits you but does no damage.
You hit Edmund.
Edmund is severely wounded.
You slash the howler monkey! The howler monkey barely misses you.
Edmund hits you with a +1 flail of protection.
The howler monkey hoots and howls with incredible vigour!
You hear a shout!
You hear an angry hiss.
You hear a bark! x2
You hit Edmund.
Edmund is severely wounded.
You closely miss the howler monkey.
The howler monkey hits you but does no damage.
Edmund hits you with a +1 flail of protection!
* * * LOW HITPOINT WARNING * * *
The howler monkey hits you.
* * * LOW HITPOINT WARNING * * *
You feel better. Edmund closely misses you.
The howler monkey hits you but does no damage.
The air fills with toxic fumes!
As you read the scroll labelled AMOTOMUNKA, it crumbles to dust.
It was a scroll of poison.
Edmund barely misses you.
The howler monkey hits you but does no damage.
You closely miss Edmund.
Edmund is severely wounded.
You hit the howler monkey.
Edmund hits you with a +1 flail of protection!
* * * LOW HITPOINT WARNING * * *
The howler monkey hits you but does no damage.
Edmund barely misses you. The howler monkey hits you.
* * * LOW HITPOINT WARNING * * *
As you read the scroll labelled IFOETO TAGYKAN, it crumbles to dust.
It is a scroll of identify.
l - 2 scrolls of vulnerability The howler monkey closely misses you.
Edmund hits you with a +1 flail of protection.
You die...

#§§§# ##§§§#
#§§§§####
#§§§§§§§
#§§§§§§
#§§§§# #
#§@h§# #
#§@§§# #
#§§§§# .## #
#§§§§# ∆ ...
# #§§§§# ∆ ..
# #§§§§#
####.##
##§§§#
#).'.). #§§§#
#.)#..#
#§§#§# ..#
#..
#.##.####P...
....#


You could see Edmund and a howler monkey.

Vanquished Creatures
  A black bear (D:4)
  4 gnolls (D:3)
  4 adders
  A worm (D:3)
  5 orcs (D:3)
  2 ball pythons
  9 endoplasms
  3 giant cockroaches
  4 hobgoblins
  2 quokkas (D:1)
  3 bats
  5 frilled lizards
  8 goblins
  6 kobolds
  8 rats
65 creatures vanquished.

Notes
Turn   | Place    | Note
-------+----------+-------------------------------------------
     0 | D:1      | PLAYERX the Gnoll Wanderer began the quest for the Orb.
     0 | D:1      | PLAYERX set off with the following items: a +1 dagger, 2
                  | atropa-tipped darts, 2 datura-tipped darts, a scroll of
                  | fear, a +0 robe; and the following spells available to
                  | memorise: Poisonous Vapours, Cigotuvi's Dreadful Rot.
     0 | D:1      | Reached XP level 1. HP: 23/23 MP: 4/4
   225 | D:1      | Reached XP level 2. HP: 29/29 MP: 5/5
   717 | D:1      | Reached XP level 3. HP: 20/35 MP: 7/7
   892 | D:2      | Reached skill level 1 in Invocations
  1054 | D:2      | Reached skill level 1 in Short Blades
  1054 | D:2      | Reached skill level 1 in Long Blades
  1054 | D:2      | Reached skill level 1 in Axes
  1054 | D:2      | Reached skill level 1 in Maces & Flails
  1054 | D:2      | Reached skill level 1 in Polearms
  1054 | D:2      | Reached skill level 1 in Staves
  1054 | D:2      | Reached skill level 1 in Ranged Weapons
  1054 | D:2      | Reached skill level 1 in Throwing
  1054 | D:2      | Reached skill level 1 in Armour
  1054 | D:2      | Reached skill level 1 in Dodging
  1054 | D:2      | Reached skill level 1 in Shields
  1054 | D:2      | Reached skill level 1 in Unarmed Combat
  1617 | D:3      | Reached XP level 4. HP: 41/41 MP: 8/8
  1817 | D:3      | Reached skill level 1 in Conjurations
  1817 | D:3      | Reached skill level 1 in Hexes
  1817 | D:3      | Reached skill level 1 in Summonings
  1817 | D:3      | Reached skill level 1 in Necromancy
  1817 | D:3      | Reached skill level 1 in Translocations
  1817 | D:3      | Reached skill level 1 in Transmutations
  1817 | D:3      | Reached skill level 1 in Fire Magic
  1817 | D:3      | Reached skill level 1 in Ice Magic
  1817 | D:3      | Reached skill level 1 in Air Magic
  1817 | D:3      | Reached skill level 1 in Earth Magic
  1872 | D:3      | Found a faded altar of an unknown god.
  2204 | D:3      | Reached XP level 5. HP: 21/47 MP: 9/9
  2542 | D:4      | Found a hide-covered altar of Uskayaw.
  2560 | D:4      | Noticed a black bear
  2572 | D:4      | Killed a black bear
  2573 | D:4      | Reached skill level 8 in Stealth
  2573 | D:4      | Reached XP level 6. HP: 30/53 MP: 9/11
  2760 | D:4      | Noticed Edmund
  2786 | D:4      | HP: 2/53 [howler monkey (6)]
  2790 | D:4      | Slain by Edmund

Illustrated notes

Levels and vault maps discovered:
D:1:      shiori_arrival_elements, layout_basic,
          nicolae_concentric_dashed_squares_mild
D:2:      layout_basic, minmay_misc_feat_columns
D:3:      layout_basic, chequers_ecumenical_altar_grove
D:4:      corexii_shack_village, layout_rooms, nicolae_uskayaw_dance_hall,
          amcnicky_altar_gilded, uniq_edmund

Skill      XL: |  1  2  3  4  5 |
---------------+----------------+-----
Poison Magic   | 2 |  2.6
Invocations    | 1 2 |  2.1
Short Blades   | 1 |  1.9
Long Blades    | 1 |  1.9
Axes           | 1 |  1.9
Maces & Flails | 1 |  1.9
Polearms       | 1 |  1.9
Staves         | 1 |  1.9
Ranged Weapons | 1 |  1.9
Throwing       | 1 |  1.9
Armour         | 1 |  1.9
Dodging        | 1 |  1.9
Shields        | 1 |  1.9
Unarmed Combat | 1 |  1.9
Spellcasting   | 3 |  3.4
Conjurations   | 1 |  1.5
Hexes          | 1 |  1.5
Summonings     | 1 |  1.5
Necromancy     | 1 |  1.5
Translocations | 1 |  1.5
Transmutations | 1 |  1.5
Fire Magic     | 1 |  1.5
Ice Magic      | 1 |  1.5
Air Magic      | 1 |  1.5
Earth Magic    | 1 |  1.5
Evocations     | 3 |  3.2
Stealth        | 8 |  8.0
Fighting       | |  6.8

Action                     |  1- 3 |  4- 6 || total
---------------------------+-------+-------++-------
  Melee: Dagger            |    64 |       ||    64
         Bite              |     9 |    14 ||    23
         Punch             |     1 |     5 ||     6
         War axe           |    35 |   130 ||   165
    Use: Scroll            |       |     3 ||     3
         Potion            |       |     3 ||     3
   Stab: Sleeping          |    11 |       ||    11
 Armour: Robe              |     5 |       ||     5
         Leather armour    |    16 |       ||    16
         Chain mail        |    28 |   126 ||   154
  Dodge: Dodged            |    37 |    79 ||   116

Table legend: (Time is in decaauts)
 A = Elapsed time spent in this place.
 B = Non-inter-level travel time spent in this place.
 C = Inter-level travel time spent in this place.
 D = Time resting spent in this place.
 E = Time spent auto-exploring this place.
 F = Levels seen in this place.
 G = Mean time per level.
                   A        B        C        D        E       F      G
               +--------+--------+--------+--------+--------+-----+--------+
         Total |   2859 |   2859 |      0 |    481 |   1214 |   4 |  714.8 |
       Dungeon |   2859 |   2859 |      0 |    481 |   1214 |   4 |  714.8 |
               +--------+--------+--------+--------+--------+-----+--------+

Top non-repeatable levels by time:
     D:3: 960 daAuts
     D:1: 843 daAuts
     D:2: 766 daAuts
     D:4: 289 daAuts
